[Event "Wuerttemberg Rapid Teams 2024"]
[Site "B?blingen, Germany"]
[Date "2024.04.13"]
[Round "8.3"]
[White "Kocharin, Timur"]
[Black "Freiherr von Hauff, Christopher"]
[Result "1/2-1/2"]
[ECO "B15"]
[WhiteElo "2250"]
[BlackElo "1960"]
[Annotator "RC"]
[PlyCount "216"]
[EventDate "2024.04.13"]
[EventType "team-tourn"]
[SourceTitle "playchess.com"]
[Source "ChessBase"]
[SourceQuality "1"]
[TimeControl "900+5"]

1. e4 c6 2. d4 d5 3. Nc3 dxe4 4. Nxe4 Nf6 5. Nxf6+ exf6 6. c3 Bd6 7. Bd3 O-O 8. Qc2 Re8+ 9. Ne2 h5 10. Be3 Nd7 11. O-O-O h4 12. Kb1 Rb8 13. Nf4 Nf8 14. g3 h3 15. Bf5 Bxf4 16. Bxf4 Bxf5 17. Qxf5 Qc8 18. Qh5 g6 19. Qh6 Qf5+ 20. Ka1 Rbd8 21. g4 Qxg4 22. Rhg1 Qf5 23. Rg3 Nh7 24. Rdg1 Kh8 25. Rxh3 g5 26. Be3 Qg6 27. Qh5 Qxh5 28. Rxh5 Re4 29. Kb1 Kg7 30. Rh3 Nf8 31. f4 Rde8 32. Bc1 Re1 33. Rhg3 Nh7 34. h4 Kg6 35. fxg5 fxg5 36. hxg5 Rxg1 37. Rxg1 Nf8 38. Kc2 Ne6 39. Kd3 Rh8 40. Rf1 Rh4 41. Rf6+ Kg7 42. Rf1 Rg4 43. Rf5 Kf8 44. b3 Ke7 45. Ba3+ Ke8 46. Re5 Rxg5 47. Ke4 Rg4+ 48. Kd3 Rg2 49. Ra5 a6 50. Bc1 Rg3+ 51. Kc4 Ke7 52. Ba3+ Ke8 53. Bc1 f6 54. Rh5 Kd7 55. Rh7+ Rg7 56. Rxg7+ Nxg7 57. d5 Nf5 58. dxc6+ Kxc6 59. Bf4 Nd6+ 60. Kd4 Nb5+ 61. Kd3 Kd7 62. a4 Na7 63. b4 Ke6 64. c4 Nc6 65. b5 Ne5+ 66. Kd4 Ng6 67. bxa6 bxa6 68. Bc7 Kd7 69. Bb8 Kc6 70. Ke4 Ne7 71. Ba7 Kd6 72. Bd4 f5+ 73. Kf4 Ke6 74. Be3 Ng6+ 75. Kg5 Ne5 76. c5 Nc4 77. Bc1 Na5 78. Kf4 Nc6 79. Bb2 Ne7 80. Ba3 Nd5+ 81. Kf3 Nc3 82. a5 Nd5 83. Ke2 Kd7 84. Kd3 Kc6 85. Kc4 f4 86. Bb2 f3 87. Bd4 Nf4 88. Be3 Nh3 89. Kd3 Kb5 90. Kd2 Kc6 91. Kd3 Kd5 92. Kd2 Kc6 93. Kd3 Kb5 94. Kd2 f2 95. Ke2 Kc6 96. Kf1 Kd5 97. Bxf2 Nf4 98. Ke1 Nd3+ 99. Ke2 Nb4 100. Kd2 Nc6 101. Kc3 Nxa5 102. Kb4 Nc6+ 103. Ka4 Kc4 104. Bg1 Kd5 105. Bf2 Ne5 106. Ka5 Nd7 107. Kxa6 Nxc5+ 108. Bxc5 Kxc5 1/2-1/2

[Event "Wuerttemberg Rapid Teams 2024"]
[Site "B?blingen, Germany"]
[Date "2024.04.13"]
[Round "8.4"]
[White "Junesch, Gerhard"]
[Black "Deubel, Silas"]
[Result "1-0"]
[ECO "D30"]
[WhiteElo "2267"]
[BlackElo "1851"]
[Annotator "RC"]
[PlyCount "65"]
[EventDate "2024.04.13"]
[EventType "team-tourn"]
[SourceTitle "playchess.com"]
[Source "ChessBase"]
[SourceQuality "1"]
[TimeControl "900+5"]

1. d4 d5 2. c4 e6 3. Nf3 a6 4. Bg5 Nf6 5. e3 Be7 6. Nbd2 O-O 7. Rc1 Nbd7 8. c5 c6 9. Bd3 Qc7 10. Bf4 Qa5 11. a3 Nh5 12. Qc2 Nxf4 13. Bxh7+ Kh8 14. exf4 g6 15. Bxg6 fxg6 16. Qxg6 Qd8 17. Qh6+ Kg8 18. Qg6+ Kh8 19. Rc3 Qe8 20. Qh6+ Kg8 21. Ne5 Rf5 22. Rg3+ Bg5 23. Rxg5+ Rxg5 24. Qxg5+ Kh7 25. Ndf3 Nxe5 26. Nxe5 Ra7 27. O-O b6 28. cxb6 Rg7 29. Qh4+ Kg8 30. Rc1 Bd7 31. Rc3 Qe7 32. Qxe7 Rxe7 33. b7 1-0

[Event "Wuerttemberg Rapid Teams 2024"]
[Site "B?blingen, Germany"]
[Date "2024.04.13"]
[Round "8.5"]
[White "Kuklin, Valentin"]
[Black "Fischer, Andre"]
[Result "1-0"]
[ECO "C05"]
[WhiteElo "2367"]
[BlackElo "2248"]
[Annotator "RC"]
[PlyCount "61"]
[EventDate "2024.04.13"]
[EventType "team-tourn"]
[SourceTitle "playchess.com"]
[Source "ChessBase"]
[SourceQuality "1"]
[TimeControl "900+5"]

1. e4 e6 2. d4 d5 3. Nd2 Nf6 4. e5 Nfd7 5. f4 c5 6. c3 Nc6 7. Ndf3 cxd4 8. cxd4 f6 9. Bd3 Bb4+ 10. Bd2 Qb6 11. Bxb4 Qxb4+ 12. Qd2 f5 13. Qxb4 Nxb4 14. Bb1 a5 15. a3 Nc6 16. Ne2 b6 17. Nc3 Ba6 18. Rg1 Ne7 19. Ng5 Nf8 20. Bc2 Neg6 21. g3 Ke7 22. Kd2 Nd7 23. Ke3 h5 24. h3 Ngf8 25. Bxf5 Rh6 26. Bc2 b5 27. Bd3 Nb6 28. b3 Rc8 29. Rgc1 Nc4+ 30. bxc4 dxc4 31. Be4 1-0

[Event "Wuerttemberg Rapid Teams 2024"]
[Site "B?blingen, Germany"]
[Date "2024.04.13"]
[Round "8.6"]
[White "Weiss, Oliver"]
[Black "Vujic, Branimir"]
[Result "1-0"]
[ECO "D00"]
[WhiteElo "2220"]
[BlackElo "2218"]
[Annotator "RC"]
[PlyCount "103"]
[EventDate "2024.04.13"]
[EventType "team-tourn"]
[SourceTitle "playchess.com"]
[Source "ChessBase"]
[SourceQuality "1"]
[TimeControl "900+5"]

1. d4 d5 2. Bf4 Nf6 3. e3 c5 4. c3 Nc6 5. Nd2 Bf5 6. Qb3 Qb6 7. dxc5 Qxb3 8. axb3 e5 9. Bg3 Bxc5 10. Ngf3 Bd6 11. Nd4 exd4 12. Bxd6 dxe3 13. fxe3 O-O-O 14. Bf4 h6 15. Bb5 Rd7 16. Nf3 Re7 17. O-O Bd7 18. Bxc6 Bxc6 19. Rxa7 Rhe8 20. Nd4 Nh5 21. Nf5 Nxf4 22. Nxe7+ Rxe7 23. Rxf4 Rxe3 24. Rxf7 Kb8 25. Ra1 g5 26. Rd1 Re2 27. Rf2 Re5 28. b4 Kc7 29. h3 h5 30. Rfd2 Kb6 31. Rd4 Re2 32. R1d2 Re5 33. Kh2 Kb5 34. g4 h4 35. Kg2 Ka4 36. Kf2 Re7 37. Re2 Rf7+ 38. Ke1 Bb5 39. Rf2 Re7+ 40. Kd2 Bc4 41. Kc2 Bb3+ 42. Kd2 Bc4 43. Rf3 Re2+ 44. Kc1 Rh2 45. Rd2 Rh1+ 46. Kc2 Bb3+ 47. Kd3 Bc4+ 48. Kd4 Kb3 49. Ke5 Re1+ 50. Kf6 Be2 51. Re3 Rf1+ 52. Kxg5 1-0

[Event "Wuerttemberg Rapid Teams 2024"]
[Site "B?blingen, Germany"]
[Date "2024.04.13"]
[Round "8.7"]
[White "Schuh, Karsten"]
[Black "Wunder, Niklas"]
[Result "1/2-1/2"]
[ECO "A34"]
[WhiteElo "2133"]
[BlackElo "2071"]
[Annotator "RC"]
[PlyCount "100"]
[EventDate "2024.04.13"]
[EventType "team-tourn"]
[SourceTitle "playchess.com"]
[Source "ChessBase"]
[SourceQuality "1"]
[TimeControl "900+5"]

1. c4 c5 2. g3 Nf6 3. Bg2 d5 4. cxd5 Nxd5 5. Nc3 Nc7 6. Nf3 Nc6 7. O-O e5 8. d3 Be7 9. Nd2 Bd7 10. Nc4 b5 11. Ne3 O-O 12. f4 exf4 13. gxf4 Rb8 14. Ncd5 Nxd5 15. Nxd5 Bd6 16. e4 Re8 17. Be3 Ne7 18. Nc3 Ng6 19. Qh5 Qh4 20. Qxh4 Nxh4 21. Bh1 a5 22. Nd5 Bg4 23. Kf2 f5 24. e5 Bf8 25. Rac1 Rec8 26. d4 cxd4 27. Bxd4 Ng6 28. Be3 Bh5 29. Rfe1 Ne7 30. Ba7 Rxc1 31. Rxc1 Rd8 32. Nxe7+ Bxe7 33. Rc7 Bh4+ 34. Ke3 Be1 35. Rc2 Bd1 36. Bb6 Bxc2 37. Bxd8 Kf8 38. Bc6 Bb1 39. e6 Bb4 40. a3 Bc5+ 41. Kf3 b4 42. axb4 axb4 43. Ke2 Ba2 44. Bd7 Bc4+ 45. Kf3 Bd5+ 46. Kg3 Be7 47. Ba5 Bd6 48. Bd8 Be7 49. Ba5 Bd6 50. Bd8 Be7 1/2-1/2

[Event "Wuerttemberg Rapid Teams 2024"]
[Site "B?blingen, Germany"]
[Date "2024.04.13"]
[Round "8.8"]
[White "Sokratov, Stanislav"]
[Black "Schuh, Bernd-Martin"]
[Result "0-1"]
[ECO "D02"]
[WhiteElo "2146"]
[BlackElo "1976"]
[Annotator "RC"]
[PlyCount "28"]
[EventDate "2024.04.13"]
[EventType "team-tourn"]
[SourceTitle "playchess.com"]
[Source "ChessBase"]
[SourceQuality "1"]
[TimeControl "900+5"]

1. d4 d5 2. Nf3 Nc6 3. Bf4 Bg4 4. e3 e6 5. c4 Nf6 6. Nc3 Bb4 7. Qa4 Bxf3 8. gxf3 O-O 9. Be2 dxc4 10. Qb5 Nd5 11. a3 Nxc3 12. Qxc4 Nxe2+ 13. axb4 Nxf4 14. exf4 Qxd4 0-1

[Event "Wuerttemberg Rapid Teams 2024"]
[Site "B?blingen, Germany"]
[Date "2024.04.13"]
[Round "8.9"]
[White "Zuferi, Enis"]
[Black "Kulm, Justin"]
[Result "0-1"]
[ECO "D02"]
[WhiteElo "2406"]
[BlackElo "1963"]
[Annotator "RC"]
[PlyCount "58"]
[EventDate "2024.04.13"]
[EventType "team-tourn"]
[SourceTitle "playchess.com"]
[Source "ChessBase"]
[SourceQuality "1"]
[TimeControl "900+5"]

1. Nf3 Nf6 2. g3 g6 3. Bg2 Bg7 4. O-O O-O 5. d4 d5 6. Bf4 c5 7. dxc5 Na6 8. Qc1 Nxc5 9. c4 dxc4 10. Qxc4 Qd5 11. Qxd5 Nxd5 12. Be5 f6 13. Bd4 Ne6 14. Rd1 Nb4 15. Nc3 Nc2 16. Rac1 Ncxd4 17. Nxd4 Nxd4 18. Rxd4 f5 19. Rb4 Rb8 20. Nd5 Kf7 21. Rc7 Re8 22. f4 Kf8 23. Nc3 Rd8 24. Bxb7 Be6 25. Kg2 Bd4 26. Nb5 Bb6 27. Nxa7 Bxc7 28. Kf2 Bd6 29. Rb5 Bc4 0-1

[Event "Wuerttemberg Rapid Teams 2024"]
[Site "B?blingen, Germany"]
[Date "2024.04.13"]
[Round "8.10"]
[White "Huber, Philipp"]
[Black "Bueble, Joschua"]
[Result "1-0"]
[ECO "D00"]
[WhiteElo "2306"]
[BlackElo "1972"]
[Annotator "RC"]
[PlyCount "81"]
[EventDate "2024.04.13"]
[EventType "team-tourn"]
[SourceTitle "playchess.com"]
[Source "ChessBase"]
[SourceQuality "1"]
[TimeControl "900+5"]

1. d4 Nf6 2. Bg5 d5 3. Bxf6 exf6 4. e3 Bd6 5. Bd3 O-O 6. Qf3 Be6 7. g4 c5 8. c3 Qd7 9. h3 Nc6 10. Ne2 Ne7 11. Nf4 cxd4 12. cxd4 Rac8 13. Nc3 Bxf4 14. Qxf4 a6 15. Kd2 b5 16. b3 Qc7 17. Qxc7 Rxc7 18. a3 Rfc8 19. Na2 Nc6 20. b4 Nb8 21. Nc1 Nd7 22. Nb3 g6 23. Nc5 Rc6 24. f4 f5 25. gxf5 Nxc5 26. dxc5 Bxf5 27. Bxf5 gxf5 28. Rhg1+ Rg6 29. a4 Rb8 30. Rxg6+ hxg6 31. Kc3 Re8 32. axb5 axb5 33. Kd4 Re4+ 34. Kxd5 Rxb4 35. c6 Rc4 36. Ra8+ Kg7 37. Rb8 Rc3 38. Rxb5 Rd3+ 39. Kc4 Rxe3 40. c7 Re1 41. Rc5 1-0

[Event "Wuerttemberg Rapid Teams 2024"]
[Site "B?blingen, Germany"]
[Date "2024.04.13"]
[Round "8.11"]
[White "Degenhard, Simon"]
[Black "Schraegle, Thorsten"]
[Result "1-0"]
[ECO "D00"]
[WhiteElo "2204"]
[BlackElo "1918"]
[Annotator "RC"]
[PlyCount "87"]
[EventDate "2024.04.13"]
[EventType "team-tourn"]
[SourceTitle "playchess.com"]
[Source "ChessBase"]
[SourceQuality "1"]
[TimeControl "900+5"]

1. d4 Nf6 2. Nc3 d5 3. Bf4 a6 4. e3 e6 5. Nf3 c5 6. Bd3 b5 7. dxc5 Bxc5 8. e4 Bb7 9. exd5 Nxd5 10. Nxd5 Qxd5 11. O-O Nc6 12. Re1 O-O 13. Bxh7+ Kxh7 14. Ng5+ Kg8 15. Qh5 Qf5 16. g4 Bxf2+ 17. Kf1 Qg6 18. Kxf2 e5 19. Bxe5 Nxe5 20. Rxe5 Qxc2+ 21. Re2 Qg6 22. Qxg6 fxg6+ 23. Kg3 Rad8 24. Rae1 Rd3+ 25. Re3 Rd5 26. Re7 Bc8 27. R1e5 Rd4 28. Re4 Rd2 29. Re2 Rxe2 30. Rxe2 Rd8 31. h3 Bb7 32. Re7 Bd5 33. Ra7 Bxa2 34. Rxa6 Bf7 35. Rb6 Bc4 36. Rxg6 Rd3+ 37. Kf4 Rb3 38. Rb6 Kf8 39. Ne4 Rxb2 40. Nd6 Rd2 41. Nxb5 Rb2 42. Rb8+ Ke7 43. Rb7+ Kf6 44. Nd6 1-0

[Event "Wuerttemberg Rapid Teams 2024"]
[Site "B?blingen, Germany"]
[Date "2024.04.13"]
[Round "8.12"]
[White "Tschlatscher, Thomas"]
[Black "Guenter, Alexander"]
[Result "1-0"]
[ECO "A01"]
[WhiteElo "2217"]
[BlackElo "1997"]
[Annotator "RC"]
[PlyCount "103"]
[EventDate "2024.04.13"]
[EventType "team-tourn"]
[SourceTitle "playchess.com"]
[Source "ChessBase"]
[SourceQuality "1"]
[TimeControl "900+5"]

1. b3 Nf6 2. Bb2 g6 3. Bxf6 exf6 4. c4 Bg7 5. Nc3 f5 6. g3 c6 7. Bg2 O-O 8. e3 Na6 9. Nge2 Nc7 10. d4 d5 11. cxd5 Nxd5 12. Nxd5 cxd5 13. O-O Be6 14. Qd2 Rc8 15. Rac1 Qb6 16. Nf4 Qd6 17. h4 h6 18. Rxc8 Rxc8 19. Rc1 g5 20. Rxc8+ Bxc8 21. hxg5 hxg5 22. Nxd5 b6 23. Qc2 Be6 24. Qc7 Qxc7 25. Nxc7 Bd7 26. f4 g4 27. Nd5 Kf8 28. Kf2 Ke8 29. Nc3 Bf8 30. Ke2 Bb4 31. Nd5 Bd6 32. Nc3 Bb4 33. Kd3 Kd8 34. Bd5 Be6 35. Bc4 a5 36. Ne2 Be1 37. e4 fxe4+ 38. Kxe4 Ke7 39. Ke5 Bc8 40. f5 Bb7 41. f6+ Kf8 42. d5 Bf2 43. Bb5 Kg8 44. d6 Bc8 45. d7 Bxd7 46. Bxd7 Kh7 47. Bxg4 Kg6 48. Bf3 b5 49. Be4+ Kg5 50. Bd5 Kg6 51. Nf4+ Kg5 52. Nh3+ 1-0

[Event "Wuerttemberg Rapid Teams 2024"]
[Site "B?blingen, Germany"]
[Date "2024.04.13"]
[Round "8.13"]
[White "Kottke, Markus"]
[Black "Kabisch, Thilo"]
[Result "0-1"]
[ECO "B20"]
[WhiteElo "2218"]
[BlackElo "2228"]
[Annotator "RC"]
[PlyCount "54"]
[EventDate "2024.04.13"]
[EventType "team-tourn"]
[SourceTitle "playchess.com"]
[Source "ChessBase"]
[SourceQuality "1"]
[TimeControl "900+5"]

1. e4 e6 2. b3 c5 3. Bb2 Nc6 4. Bb5 Nd4 5. Nc3 Nxb5 6. Nxb5 a6 7. Nc3 Qc7 8. d4 cxd4 9. Qxd4 Nf6 10. f3 Bc5 11. Qd3 b5 12. O-O-O Bb7 13. Nge2 O-O-O 14. g4 h6 15. h4 Bc6 16. g5 Nh5 17. Kb1 Qb6 18. Ka1 d5 19. exd5 b4 20. Ne4 Rxd5 21. Qc4 Rhd8 22. Rxd5 Rxd5 23. Nxc5 Rxc5 24. Qg4 Rxc2 25. Nd4 Rxb2 26. Rc1 Rg2 27. Qe4 Rg1 0-1

[Event "Wuerttemberg Rapid Teams 2024"]
[Site "B?blingen, Germany"]
[Date "2024.04.13"]
[Round "8.14"]
[White "Trachtmann, Mark"]
[Black "Hofer, Markus"]
[Result "1-0"]
[ECO "D30"]
[WhiteElo "2203"]
[BlackElo "2047"]
[Annotator "RC"]
[PlyCount "39"]
[EventDate "2024.04.13"]
[EventType "team-tourn"]
[SourceTitle "playchess.com"]
[Source "ChessBase"]
[SourceQuality "1"]
[TimeControl "900+5"]

1. d4 d5 2. Nf3 e6 3. c4 c6 4. g3 dxc4 5. Bg2 b5 6. O-O Bb7 7. Ne5 f6 8. Nf3 Nd7 9. b3 Nb6 10. a4 cxb3 11. axb5 cxb5 12. Qxb3 Qd5 13. Qd3 Qc4 14. Qd1 Bb4 15. Na3 Bxa3 16. Bxa3 Ne7 17. Rc1 Qa4 18. Qxa4 Nxa4 19. Rc7 O-O 20. Rxb7 1-0

[Event "Wuerttemberg Rapid Teams 2024"]
[Site "B?blingen, Germany"]
[Date "2024.04.13"]
[Round "8.16"]
[White "Eisele, Steffen"]
[Black "Brettschneider, Karl"]
[Result "0-1"]
[ECO "B30"]
[WhiteElo "2230"]
[BlackElo "1965"]
[Annotator "RC"]
[PlyCount "77"]
[EventDate "2024.04.13"]
[EventType "team-tourn"]
[SourceTitle "playchess.com"]
[Source "ChessBase"]
[SourceQuality "1"]
[TimeControl "900+5"]

1. e4 c5 2. Nf3 Nc6 3. Bb5 e6 4. Bxc6 bxc6 5. d3 d5 6. Nbd2 Be7 7. b3 Nf6 8. Bb2 O-O 9. O-O a5 10. Qe2 a4 11. Rad1 axb3 12. axb3 Ra2 13. Rb1 Ba6 14. Ne5 Qc7 15. f4 dxe4 16. Nxe4 Nxe4 17. Qxe4 Bb7 18. Nc4 Rfa8 19. Rfe1 Bd6 20. g3 Ba6 21. h4 Bxc4 22. Qxc4 Be7 23. Kg2 Qd6 24. Kh3 Re8 25. Qe4 Qd7 26. Kg2 Qd5 27. h5 Qxh5 28. Qxc6 Qd5+ 29. Qxd5 exd5 30. Re2 f6 31. c4 d4 32. Rbe1 Kf7 33. Kf3 g6 34. g4 Raa8 35. b4 cxb4 36. Rh1 Rh8 37. g5 Bc5 38. Reh2 fxg5 39. Rh3 0-1

[Event "Wuerttemberg Rapid Teams 2024"]
[Site "B?blingen, Germany"]
[Date "2024.04.13"]
[Round "8.17"]
[White "Gabriel, Robert"]
[Black "Oberst, Thomas"]
[Result "1-0"]
[ECO "D85"]
[WhiteElo "2161"]
[BlackElo "2227"]
[Annotator "RC"]
[PlyCount "90"]
[EventDate "2024.04.13"]
[EventType "team-tourn"]
[SourceTitle "playchess.com"]
[Source "ChessBase"]
[SourceQuality "1"]
[TimeControl "900+5"]

1. d4 Nf6 2. Nf3 g6 3. c4 Bg7 4. Nc3 d5 5. cxd5 Nxd5 6. e4 Nxc3 7. bxc3 c5 8. Bb5+ Bd7 9. Bxd7+ Nxd7 10. O-O O-O 11. Rb1 b6 12. Be3 cxd4 13. cxd4 Nf6 14. Nd2 Qd7 15. h3 Rac8 16. Qb3 e6 17. Rfc1 h6 18. a4 g5 19. f3 Nh5 20. e5 Nf4 21. Bxf4 gxf4 22. Qb4 Rxc1+ 23. Rxc1 Rd8 24. Nb3 Rc8 25. Rc4 Rxc4 26. Qxc4 Qd5 27. Qxd5 exd5 28. Nc1 f6 29. Nd3 fxe5 30. dxe5 d4 31. e6 a6 32. Kf1 b5 33. axb5 axb5 34. Nxf4 b4 35. Ke2 b3 36. Nd3 Kf8 37. f4 Ke7 38. f5 h5 39. g4 hxg4 40. hxg4 Bh6 41. Kd1 Bg5 42. Nc5 b2 43. Kc2 Kd6 44. Ne4+ Ke5 45. Nxg5 Kd6 1-0

[Event "Wuerttemberg Rapid Teams 2024"]
[Site "B?blingen, Germany"]
[Date "2024.04.13"]
[Round "8.18"]
[White "Namyslo, Holger"]
[Black "Gabriel, Josef"]
[Result "0-1"]
[ECO "B06"]
[WhiteElo "2125"]
[BlackElo "1997"]
[Annotator "RC"]
[PlyCount "112"]
[EventDate "2024.04.13"]
[EventType "team-tourn"]
[SourceTitle "playchess.com"]
[Source "ChessBase"]
[SourceQuality "1"]
[TimeControl "900+5"]

1. e4 g6 2. d4 d6 3. Nf3 Bg7 4. Bc4 e6 5. Qe2 a6 6. c3 Ne7 7. Bb3 Nd7 8. O-O O-O 9. Re1 c5 10. Nbd2 b5 11. Nf1 Bb7 12. Ng3 Rc8 13. h4 Qb6 14. Be3 Nf6 15. Bg5 h6 16. Bf4 Ng4 17. Rad1 cxd4 18. cxd4 e5 19. dxe5 dxe5 20. Bc1 Rfd8 21. h5 Rxd1 22. Rxd1 gxh5 23. Nxh5 Bxe4 24. Nxg7 Kxg7 25. Nxe5 Nxe5 26. Qxe4 N7g6 27. Qf5 Rd8 28. Rxd8 Qxd8 29. Qh3 Nh4 30. Qg3+ Neg6 31. Qe3 Nf5 32. Qd2 Qc7 33. Qc3+ Qxc3 34. bxc3 Nd6 35. a4 Nc4 36. Kf1 Nge5 37. Ke2 h5 38. Be3 Kf6 39. Bd4 Ke6 40. axb5 axb5 41. Bxe5 Kxe5 42. Kd3 Kd5 43. Bxc4+ bxc4+ 44. Ke3 Ke5 45. Kf3 Kf5 46. Kg3 Kg5 47. f4+ Kf5 48. Kf3 h4 49. g4+ hxg3 50. Kxg3 Ke4 51. Kg4 Kd3 52. Kf5 Kxc3 53. Kf6 Kd3 54. f5 c3 55. Kxf7 c2 56. f6 c1=Q 0-1

[Event "Wuerttemberg Rapid Teams 2024"]
[Site "B?blingen, Germany"]
[Date "2024.04.13"]
[Round "8.19"]
[White "Aksenov, Pavel"]
[Black "Schulze, Andreas"]
[Result "0-1"]
[ECO "B03"]
[WhiteElo "2045"]
[BlackElo "2080"]
[Annotator "RC"]
[PlyCount "64"]
[EventDate "2024.04.13"]
[EventType "team-tourn"]
[SourceTitle "playchess.com"]
[Source "ChessBase"]
[SourceQuality "1"]
[TimeControl "900+5"]

1. e4 Nf6 2. e5 Nd5 3. Bc4 e6 4. d4 d6 5. Nf3 Nc6 6. O-O dxe5 7. Nxe5 Nxe5 8. dxe5 Nb6 9. Qxd8+ Kxd8 10. Rd1+ Bd7 11. Be2 c6 12. a4 Kc7 13. a5 Nd5 14. c4 Nb4 15. Rd2 Be7 16. Nc3 Rad8 17. Ne4 Bc8 18. b3 Rxd2 19. Bxd2 Nc2 20. Ra2 Nd4 21. Bd1 Rd8 22. Kf1 f6 23. exf6 gxf6 24. Bc3 e5 25. Rd2 Bf5 26. Ng3 Bg6 27. h4 h6 28. h5 Bh7 29. Bxd4 exd4 30. Bg4 Bb4 31. Rd1 Bc2 32. Rc1 d3 0-1

[Event "Wuerttemberg Rapid Teams 2024"]
[Site "B?blingen, Germany"]
[Date "2024.04.13"]
[Round "8.20"]
[White "Birkenmaier, Rainer"]
[Black "Siegle, Florian"]
[Result "1-0"]
[ECO "D05"]
[WhiteElo "2111"]
[BlackElo "1912"]
[Annotator "RC"]
[PlyCount "75"]
[EventDate "2024.04.13"]
[EventType "team-tourn"]
[SourceTitle "playchess.com"]
[Source "ChessBase"]
[SourceQuality "1"]
[TimeControl "900+5"]

1. d4 Nf6 2. Nf3 e6 3. Nbd2 d5 4. e3 Be7 5. Bd3 b6 6. c3 Bb7 7. Ne5 Nfd7 8. f4 Nf6 9. Qf3 Bd6 10. O-O Qe7 11. e4 Nbd7 12. Nxd7 Nxe4 13. Nxe4 dxe4 14. Bxe4 Bxe4 15. Qxe4 Kxd7 16. Bd2 c6 17. Rae1 Rae8 18. f5 e5 19. d5 f6 20. dxc6+ Kc7 21. b4 a5 22. bxa5 Bc5+ 23. Kh1 Ra8 24. axb6+ Bxb6 25. Rb1 Qc5 26. Qg4 Rhg8 27. Qh5 Qe7 28. Be3 Rab8 29. Bxb6+ Rxb6 30. Rxb6 Kxb6 31. Rb1+ Kxc6 32. Qe2 Rd8 33. Qb5+ Kd6 34. Rd1+ Kc7 35. Qa5+ Kc8 36. Qa6+ Kc7 37. Rb1 Rb8 38. Qa7+ 1-0

[Event "Wuerttemberg Rapid Teams 2024"]
[Site "B?blingen, Germany"]
[Date "2024.04.13"]
[Round "8.21"]
[White "Peng, Xiang-Tobias"]
[Black "Strathmann, Sacha"]
[Result "1-0"]
[ECO "B33"]
[WhiteElo "2187"]
[BlackElo "2125"]
[Annotator "RC"]
[PlyCount "83"]
[EventDate "2024.04.13"]
[EventType "team-tourn"]
[SourceTitle "playchess.com"]
[Source "ChessBase"]
[SourceQuality "1"]
[TimeControl "900+5"]

1. e4 c5 2. Nf3 Nc6 3. d4 cxd4 4. Nxd4 Nf6 5. Nc3 h5 6. Be2 e5 7. Nxc6 bxc6 8. Bg5 h4 9. O-O Be7 10. Bc4 d6 11. h3 Nh5 12. Qf3 f6 13. Be3 g5 14. Bxg5 fxg5 15. Bf7+ Kd7 16. Bxh5 Kc7 17. Bg4 Rb8 18. b3 Rf8 19. Qe3 Kb7 20. Bxc8+ Qxc8 21. Qe2 Rf4 22. f3 Qe6 23. Qc4 d5 24. Qd3 Bc5+ 25. Kh2 Rd8 26. exd5 cxd5 27. Rad1 Bb6 28. Na4 e4 29. fxe4 Rxe4 30. Nxb6 axb6 31. c4 Qe5+ 32. Kh1 g4 33. cxd5 gxh3 34. Qxh3 Re3 35. Qf5 Qc3 36. Rc1 Qd2 37. Qh7+ Ka6 38. Qxh4 Rxd5 39. Qc4+ b5 40. Rf6+ Ka5 41. b4+ Ka4 42. Qb3+ 1-0

[Event "Wuerttemberg Rapid Teams 2024"]
[Site "B?blingen, Germany"]
[Date "2024.04.13"]
[Round "8.22"]
[White "Baur, Frank"]
[Black "Ramirez Marin, Ivan"]
[Result "1-0"]
[ECO "D27"]
[WhiteElo "2050"]
[BlackElo "2271"]
[Annotator "RC"]
[PlyCount "93"]
[EventDate "2024.04.13"]
[EventType "team-tourn"]
[SourceTitle "playchess.com"]
[Source "ChessBase"]
[SourceQuality "1"]
[TimeControl "900+5"]

1. d4 d5 2. c4 dxc4 3. e3 Nf6 4. Bxc4 e6 5. Nf3 c5 6. O-O a6 7. Nbd2 cxd4 8. Nxd4 Be7 9. b3 e5 10. N4f3 Nc6 11. Bb2 Bd6 12. Ng5 O-O 13. Nde4 Nxe4 14. Nxe4 Be7 15. Qxd8 Rxd8 16. Rfd1 Bf5 17. f3 Nb4 18. Kf2 b5 19. Be2 f6 20. a4 Rac8 21. axb5 axb5 22. Rxd8+ Rxd8 23. Bxb5 Nd3+ 24. Bxd3 Rxd3 25. Ba3 Bd8 26. Nd6 Be6 27. Bc5 Kf8 28. b4 Ke7 29. Ra7+ Bd7 30. Nf5+ Ke6 31. Nxg7+ Kf7 32. Nf5 Kg6 33. Nd6 Be6 34. e4 Rb3 35. Ne8 Rb2+ 36. Kg3 f5 37. Rg7+ Kh6 38. exf5 Bg5 39. fxe6 e4 40. Rxg5 Kxg5 41. fxe4 Rb3+ 42. Kf2 Kf4 43. e7 Rb2+ 44. Ke1 Rb1+ 45. Kd2 Rb2+ 46. Kc3 Rxg2 47. Nf6 1-0

[Event "Wuerttemberg Rapid Teams 2024"]
[Site "B?blingen, Germany"]
[Date "2024.04.13"]
[Round "8.23"]
[White "Schnepp, Gunnar"]
[Black "Schmid, Tim"]
[Result "1-0"]
[ECO "D26"]
[WhiteElo "2233"]
[BlackElo "1765"]
[Annotator "RC"]
[PlyCount "45"]
[EventDate "2024.04.13"]
[EventType "team-tourn"]
[SourceTitle "playchess.com"]
[Source "ChessBase"]
[SourceQuality "1"]
[TimeControl "900+5"]

1. d4 Nf6 2. c4 e6 3. Nf3 d5 4. e3 Be7 5. Bd3 O-O 6. O-O dxc4 7. Bxc4 a6 8. Qe2 b5 9. Bd3 c5 10. dxc5 Bxc5 11. e4 Qb6 12. e5 Nd5 13. Bxh7+ Kxh7 14. Ng5+ Kg6 15. Qe4+ f5 16. Qh4 Nf6 17. exf6 Kxf6 18. Ne4+ Kf7 19. Qh5+ Ke7 20. Bg5+ Rf6 21. Nxc5 Qxc5 22. Qg6 Kd6 23. Qxg7 1-0

[Event "Wuerttemberg Rapid Teams 2024"]
[Site "B?blingen, Germany"]
[Date "2024.04.13"]
[Round "8.26"]
[White "Vaysberg, Alexander"]
[Black "Kaufmann, Thorsten"]
[Result "1/2-1/2"]
[ECO "B98"]
[WhiteElo "2152"]
[BlackElo "2057"]
[Annotator "RC"]
[PlyCount "160"]
[EventDate "2024.04.13"]
[EventType "team-tourn"]
[SourceTitle "playchess.com"]
[Source "ChessBase"]
[SourceQuality "1"]
[TimeControl "900+5"]

1. e4 c5 2. Nf3 d6 3. d4 cxd4 4. Nxd4 Nf6 5. Nc3 a6 6. Bg5 e6 7. f4 Be7 8. Qf3 Qc7 9. O-O-O h6 10. Bh4 Nc6 11. Bf2 Nxd4 12. Bxd4 e5 13. fxe5 dxe5 14. Qg3 Nh5 15. Qxe5 Qxe5 16. Bxe5 O-O 17. Nd5 Bg5+ 18. Kb1 Bg4 19. Re1 Bd2 20. Be2 Bxe2 21. Rxe2 Bg5 22. h4 Bd8 23. g4 Nf6 24. Nxf6+ Bxf6 25. Bxf6 gxf6 26. Rf1 Kg7 27. c3 Rae8 28. Rf5 Re6 29. e5 fxe5 30. Rfxe5 Rg6 31. R2e4 Rd8 32. Kc2 Rf6 33. Re2 Rf4 34. Rg2 Rd7 35. Ree2 f6 36. Ref2 Re4 37. g5 fxg5 38. hxg5 hxg5 39. Rxg5+ Kh6 40. Rg1 Rh4 41. Rd2 Rc7 42. b3 Rh3 43. c4 b5 44. Rg4 Rc6 45. Rgd4 Kg7 46. R4d3 Rh4 47. Rd4 Rh3 48. Kb2 bxc4 49. Rxc4 Rb6 50. Rcd4 Kf7 51. Rd6 Rh6 52. Rxh6 Rxh6 53. Re2 Rh4 54. a3 Kf6 55. b4 Kf7 56. Kb3 Rh3+ 57. Ka4 Rd3 58. Rc2 Rd6 59. Rh2 Ke7 60. Rh7+ Kd8 61. Ka5 Kc8 62. Ra7 Kb8 63. Rxa6 Rd3 64. a4 Kb7 65. b5 Rd4 66. Rh6 Kb8 67. Kb6 Rd8 68. a5 Ka8 69. a6 Kb8 70. Ka5 Ka8 71. Rh7 Kb8 72. b6 Ka8 73. Kb5 Kb8 74. Kc6 Rc8+ 75. Rc7 Rh8 76. Rd7 Rh6+ 77. Rd6 Rh8 78. b7 Ka7 79. Kc7 Rb8 80. Rc6 Rxb7+ 1/2-1/2